 Dungeon Crawl Stone Soup version 0.26-a0-639-g72c4674 (webtiles) character file.

Game seed: 8028369552900544681

48 B1Gdaddy5 the Gusty (level 3, -2/16 HPs)
             Began as a Vine Stalker Air Elementalist on Sept 20, 2020.
             Slain by a worker ant (4 damage)
             ... on level 2 of the Dungeon.
             The game lasted 00:11:23 (2003 turns).

B1Gdaddy5 the Gusty (Vine Stalker Air Elementalist) Turns: 2003, Time: 00:11:24

Health: -2/16      AC:  2    Str: 10    XL:     3   Next: 72%
Magic:  0/7        EV: 12    Int: 16    God:
Gold:   17         SH:  0    Dex: 14    Spells: 5/6 levels left

rFire    . . .     SeeInvis .   (no weapon)
rCold    . . .     Faith    +   (no shield)
rNeg     . . .     Spirit   +   a - +0 robe
rPois    .         Reflect  .   (no helmet)
rElec    .         Harm     .   (no cloak)
rCorr    .         Rampage  .   (no gloves)
MR       .....                  (no boots)
Stlth    ++........             h - amulet of faith
HPRegen  0.05/turn              (no ring)
MPRegen  0.10/turn              (no ring)

@: no status effects
A: fangs 2, magic shield, antimagic bite, no potion heal 3, rot immunity
a: no special abilities


You were on level 2 of the Dungeon.
You visited 1 branch of the dungeon, and saw 2 of its levels.

You collected 17 gold pieces.

Inventory:

Armour
 a - a +0 robe (worn)
Jewellery
 h - an amulet of faith (around neck)
Scrolls
 b - 4 scrolls of remove curse {unknown}
 e - a scroll of amnesia {unknown}
 g - a scroll of identify {unknown}
 i - a scroll of enchant weapon {unknown}
 j - a scroll of blinking {unknown}
 k - 3 scrolls of fear {unknown}
Potions
 c - a potion of stabbing {unknown}
 d - a potion of curing
 f - a potion of might {unknown}


   Skills:
 + Level 1.6 Dodging
 + Level 2.7 Stealth
 + Level 2.4 Spellcasting
 + Level 1.5 Conjurations
 * Level 3.9 Air Magic


You had 5 spell levels left.
You knew the following spells:

 Your Spells              Type           Power        Failure   Level
a - Shock                 Conj/Air       ##..         6%          1

Your spell library contained the following spells:

 Spells                   Type           Power        Failure   Level
 Swiftness                Air            ##......     6%          2
 Static Discharge         Conj/Air       ##......     19%         3
 Airstrike                Air            ##........   36%         4
 Lightning Bolt           Conj/Air       ##........   87%         5


Dungeon Overview and Level Annotations

Branches:
Dungeon (2/15)

Altars:


Innate Abilities, Weirdness & Mutations

You have extremely sharp teeth.
When hurt, damage is shared between your health and your magic reserves.
Your bite disrupts and absorbs the magic of your enemies.
Potions cannot restore your health.
You are immune to rotting.


Message History

Casting: Shock (safe; 6% risk of failure)
Confirm with . or Enter, or press ? or * to list all spells.
Aiming: Shock (safe; 6% risk of failure)
Press: ? - help, Shift-Dir - straight line, f/p - worker ant
Aim: a worker ant (moderately wounded)
The zap misses the worker ant.
The worker ant bites you!
You are lethally poisoned!
The worker ant poisons you!
You feel sick. The worker ant closely misses you.
* * * LOW HITPOINT WARNING * * *
You feel sick.
* * * LOW HITPOINT WARNING * * *
You feel sick.
It was a potion of curing.
Your system rejects the healing.
You feel better. The worker ant bites you.
* * * LOW HITPOINT WARNING * * *
The worker ant bites you.
* * * LOW HITPOINT WARNING * * *
The worker ant bites you.
You die...

...........).).....[..........
........######.....###########
........'....'.........
........######.....####
........# ####### ........#
........#########
###.............#######
.............@a........
###.#####.#####.####### ...
#.# #.# #.. #.# #.# +. #.# #'#
#.# #......... #.# #.........
#.# #......... #.# #.........


You could see a worker ant.

Vanquished Creatures
  2 dart slugs (D:1)
  A leopard gecko (D:1)
  2 bats (D:1)
  2 giant cockroaches (D:1)
  6 goblins
  9 hobgoblins
  5 jackals (D:1)
  A frilled lizard (D:1)
  4 kobolds
  4 rats
36 creatures vanquished.

Notes
Turn   | Place    | Note
-------+----------+-------------------------------------------
     0 | D:1      | B1Gdaddy5 the Vine Stalker Air Elementalist began the quest
                  | for the Orb.
     0 | D:1      | Reached XP level 1. HP: 9/9 MP: 4/4
   241 | D:1      | Reached XP level 2. HP: 13/13 MP: 1/6
   773 | D:1      | Reached XP level 3. HP: 10/16 MP: 0/7
  2003 | D:2      | Slain by a worker ant

Illustrated notes

Levels and vault maps discovered:
D:1:      beargit_arrival_greenhouse, layout_basic, solitary_fountain,
          corner_web_ring, dk_noncrumbling_2
D:2:      layout_basic

Action                   || total
-------------------------++-------
Melee: Unarmed           ||    17
       Bite              ||     3
 Cast: Shock             ||    86
  Use: Potion            ||     1
Armor: Robe              ||     5
Dodge: Dodged            ||    34

Table legend: (Time is in decaauts)
 A = Elapsed time spent in this place.
 B = Non-inter-level travel time spent in this place.
 C = Inter-level travel time spent in this place.
 D = Time resting spent in this place.
 E = Time spent auto-exploring this place.
 F = Levels seen in this place.
 G = Mean time per level.
                   A        B        C        D        E       F      G
               +--------+--------+--------+--------+--------+-----+--------+
         Total |   2002 |   1992 |     10 |    734 |    993 |   2 | 1001.0 |
       Dungeon |   2002 |   1992 |     10 |    734 |    993 |   2 | 1001.0 |
               +--------+--------+--------+--------+--------+-----+--------+

Top non-repeatable levels by time:
     D:1: 1737 daAuts
     D:2: 265 daAuts
